 Dungeon Crawl Stone Soup version 0.29-a0-284-gf9362112df (webtiles) character file.

Game seed: 11928733223844411067

235 bande the Skirmisher (level 6, -2/38 HPs)
             Began as a Gargoyle Fighter on Mar 29, 2022.
             Slain by an ogre
             ... wielding a +0 giant club
              (12 damage)
             ... on level 5 of the Dungeon.
             The game lasted 00:03:59 (2347 turns).

bande the Skirmisher (Gargoyle Fighter)             Turns: 2347, Time: 00:04:00

Health: -2/38      AC: 15    Str: 19    XL:     6   Next: 6%
Magic:  6/6        EV:  7    Int:  9    God:
Gold:   108        SH:  4    Dex: 11    Spells: 5/5 levels left

rFire   . . .      SeeInvis .   a - +0 war axe
rCold   . . .      Faith    .   c - +0 buckler
rNeg    + . .      Spirit   .   f - +0 chain mail
rPois   ∞          Reflect  .   i - +0 helmet
rElec   +          Harm     .   (no cloak)
rCorr   .          Rampage  .   (no gloves)
Will    .....                   (no boots)
Stlth   ..........              (no amulet)
HPRegen 0.12/turn               (no ring)
MPRegen 0.10/turn               (no ring)

@: mighty
A: sickness immunity, AC +4, negative energy resistance 1, electricity
resistance, torment resistance 1, petrification resistance
a: no special abilities


You were on level 5 of the Dungeon.
You visited 1 branch of the dungeon, and saw 4 of its levels.

You collected 108 gold pieces.

Inventory:

Hand Weapons
 a - a +0 war axe (weapon)
Armour
 c - a +0 buckler (worn)
 f - a +0 chain mail (worn)
 i - a +0 helmet (worn)
Wands
 e - a wand of paralysis (10)
Scrolls
 g - 2 scrolls of identify
 h - a scroll of teleportation
Potions
 b - 2 potions of flight
 d - 2 potions of might


   Skills:
 + Level 4.2 Fighting
 + Level 3.9 Axes
 + Level 4.0 Armour
 + Level 4.0 Shields
 * Level 1.3 Evocations


You had 5 spell levels left.
You didn't know any spells.
Your spell library was empty.

Dungeon Overview and Level Annotations

Branches:
Dungeon (3/15)

Altars:


Innate Abilities, Weirdness & Mutations

You are immune to sickness and miasma.
Your stone body is resilient. (AC +4)
You are immune to poison.
You resist negative energy. (rN+)
You are resistant to electric shocks. (rElec)
You are resistant to unholy torment.
You are immune to petrification.


Message History

You barely miss the orc. You closely miss the orc.
The orc hits you but does no damage. You block the orc's attack.
You slash the orc!
You kill the orc!
You slash the orc!
You kill the orc!
You closely miss the orc priest. You hit the orc. You block the orc's attack.
The orc priest looks satisfied for a moment.
An ogre comes into view. It is wielding a +0 giant club.
The orc hits you with a +0 war axe.
You are too injured to fight recklessly!
You are too injured to fight recklessly!
You are too injured to fight recklessly!
You are too injured to fight recklessly!
You are too injured to fight recklessly!
You are too injured to fight recklessly!
You are too injured to fight recklessly!
You barely miss the orc.
The ogre shouts!
You slash the orc!
You kill the orc!
The orc hits you but does no damage.
Unknown command.
You barely miss the orc. You barely miss the ogre.
You closely miss the orc priest. You block the orc's attack.
The ogre hits you with a +0 giant club.
* * * LOW HITPOINT WARNING * * *
The orc priest completely misses you.
Unknown command.
You slash the orc!
You kill the orc!
You slash the ogre! You closely miss the orc priest.
The orc priest hits you but does no damage.
The ogre barely misses you. The orc priest barely misses you.
The orc hits you but does no damage.
Your Shields skill increases to level 4!
You closely miss the orc. You barely miss the ogre. You slash the orc priest!
The orc priest hits you but does no damage.
The ogre hits you with a +0 giant club!
You die...

#............ .
#.......##... ...
#...........
....#...........
............#
.........†..## #
.............#
...
#...........o#..#
###....####@o...#
#..... ##O......
.$..... .......
....$.. .O.....
....... .......
##..... .....
.....


You could see 2 ogres, an orc priest and an orc.

Vanquished Creatures
  A black bear (D:5)
  Robin (D:3)
  4 gnolls (D:2)
  2 adders (D:3)
  3 dart slugs
  4 orcs (D:5)
  2 endoplasms (D:2)
  4 giant cockroaches (D:2)
  11 goblins
  8 hobgoblins
  2 jackals (D:2)
  4 kobolds
  2 quokkas (D:1)
  7 ball pythons
  3 bats
  2 frilled lizards (D:1)
  9 rats
69 creatures vanquished.

Vanquished Creatures (others)
  2 plants (D:2)
2 creatures vanquished.

Grand Total: 71 creatures vanquished

Notes
Turn   | Place    | Note
-------+----------+-------------------------------------------
     0 | D:1      | bande the Gargoyle Fighter began the quest for the Orb.
     0 | D:1      | Reached XP level 1. HP: 14/14 MP: 1/1
    47 | D:1      | Reached XP level 2. HP: 12/19 MP: 2/2
   668 | D:1      | Reached XP level 3. HP: 24/24 MP: 3/3
  1370 | D:2      | Reached XP level 4. HP: 26/29 MP: 4/4
  2078 | D:2      | Found a faded altar of an unknown god.
  2156 | D:3      | Noticed Robin
  2160 | D:3      | Killed Robin
  2162 | D:3      | Reached XP level 5. HP: 29/33 MP: 5/5
  2293 | D:3      | You fall into a shaft and drop 2 floors!
  2293 | D:5      | Entered Level 5 of the Dungeon
  2293 | D:5      | Noticed a black bear
  2307 | D:5      | Killed a black bear
  2308 | D:5      | Reached skill level 1 in Evocations
  2308 | D:5      | Reached XP level 6. HP: 17/38 MP: 6/6
  2347 | D:5      | Slain by an ogre

Illustrated notes

Levels and vault maps discovered:
D:1:      tarquinn_simple_flora_water_e, layout_rooms, minmay_bisected
D:2:      layout_basic, shapermc_ecumenical_altar_petra, cheibrodos_gnoll_hut
D:3:      layout_basic, minmay_misc_feat_cross, uniq_robin
D:5:      layout_cave_pools, fedhas_altar_3, serial_shops, kennysheep_mini_moat,
          nicolae_diamond_shop, nicolae_diamond_shop,
          nicolae_shop_overgrown_old_shop, shop

Skill      XL: |  1  2  3  4  5  6 |
---------------+-------------------+-----
Axes           | 2 3 |  3.9
Fighting       | 4 |  4.2
Armour         | 4 |  4.0
Evocations     | 1 |  1.3
Shields        | 4 |  4.0

Action                   |  1- 3 |  4- 6 || total
-------------------------+-------+-------++-------
Melee: War axe           |   112 |    85 ||   197
  Use: Scroll            |     5 |     1 ||     6
       Potion            |       |     1 ||     1
Armor: Scale mail        |    11 |       ||    11
       Chain mail        |    61 |    75 ||   136
Dodge: Dodged            |    56 |    31 ||    87
Block: Buckler           |    27 |    20 ||    47

Table legend: (Time is in decaauts)
 A = Elapsed time spent in this place.
 B = Non-inter-level travel time spent in this place.
 C = Inter-level travel time spent in this place.
 D = Time resting spent in this place.
 E = Time spent auto-exploring this place.
 F = Levels seen in this place.
 G = Mean time per level.
                   A        B        C        D        E       F      G
               +--------+--------+--------+--------+--------+-----+--------+
         Total |   2425 |   2374 |     51 |    345 |   1542 |   4 |  606.2 |
       Dungeon |   2425 |   2374 |     51 |    345 |   1542 |   4 |  606.2 |
               +--------+--------+--------+--------+--------+-----+--------+

Top non-repeatable levels by time:
     D:2: 1192 daAuts
     D:1: 1001 daAuts
     D:3: 171 daAuts
     D:5: 60 daAuts
